 Dungeon Crawl Stone Soup version 0.26.1-2-gb8aa6d0cf2 (webtiles) character file.

Game seed: 15487923558550593641

508 pascalblue the Stinger (level 6, -2/32 HPs)
             Began as a Deep Elf Venom Mage on Mar 3, 2021.
             Slain by an ice beast (5 damage)
             ... on level 5 of the Dungeon.
             The game lasted 00:14:01 (4357 turns).

pascalblue the Stinger (Deep Elf Venom Mage)        Turns: 4357, Time: 00:14:02

Health: -2/32      AC: 14    Str: 11    XL:     6   Next: 98%
Magic:  8/15       EV: 13    Int: 22    God:
Gold:   146        SH:  0    Dex: 15    Spells: 2/15 levels left

rFire    . . .     SeeInvis .   t - +3 dagger (protect)
rCold    . . .     Faith    .   (no shield)
rNeg     . . .     Spirit   .   a - +2 robe
rPois    +         Reflect  .   (no helmet)
rElec    .         Harm     .   q - +2 cloak
rCorr    .         Rampage  .   (no gloves)
Will     .....                  (no boots)
Stlth    ++........             s - amulet of inaccuracy (curse)
HPRegen  0.10/turn              o - ring of poison resistance
MPRegen  0.14/turn              u - +6 ring of strength

@: protection aura, very slightly contaminated
A: no striking features
a: no special abilities


You were on level 5 of the Dungeon.
You visited 1 branch of the dungeon, and saw 5 of its levels.

You collected 146 gold pieces.

Inventory:

Hand Weapons
 d - a +4 dagger
 h - a +1 dagger
 t - a +3 dagger of protection (weapon)
Armour
 a - a +2 robe (worn)
 q - a +2 cloak (worn)
Jewellery
 c - an uncursed amulet of reflection
 n - an uncursed amulet of magic regeneration
 o - a ring of poison resistance (left hand)
 s - a cursed amulet of inaccuracy (around neck)
 u - a +6 ring of strength (right hand)
Wands
 l - a wand of flame (10)
Scrolls
 b - a scroll of blinking
 r - a scroll of teleportation
Potions
 e - 2 potions of brilliance
 g - a potion of haste
 i - a potion of magic
 j - a potion of ambrosia {unknown}
 k - a potion of attraction {unknown}
 m - 2 potions of lignification
 p - 2 potions of might
 v - a potion of degeneration {unknown}
 w - a potion of resistance {unknown}
 x - a potion of cancellation {unknown}
 z - a potion of curing {unknown}


   Skills:
 - Level 2.4 Dodging
 - Level 2.4 Stealth
 + Level 5.2 Spellcasting
 + Level 3.6 Transmutations
 + Level 2.7 Air Magic
 * Level 6.1 Poison Magic


You had 2 spell levels left.
You knew the following spells:

 Your Spells              Type           Power        Failure   Level
a - Sting                 Tmut/Pois      100%         1%          1
b - Poisonous Vapours     Pois/Air       50%          2%          2
c - Ignite Poison         Fire/Tmut/Pois 20%          8%          3
d - Mephitic Cloud        Conj/Pois/Air  18%          9%          3
e - Olgreb's Toxic Radia  Pois           32%          8%          4

Your spell library contained the following spells:

 Spells                   Type           Power        Failure   Level


Dungeon Overview and Level Annotations

Branches:
Dungeon (5/15)
 Temple: D:4-7

Altars:
Cheibriados
Fedhas
Kikubaaqudgha
Makhleb
Uskayaw


Message History

The ice beast barely misses you.
You hit the ice beast.
The ice beast is heavily wounded.
The ice beast barely misses you.
You hit the ice beast.
The ice beast is heavily wounded.
The ice beast closely misses you.
You miss the ice beast.
The ice beast is heavily wounded.
The ice beast hits you. The ice beast freezes you!
* * * LOW HITPOINT WARNING * * *
You miss the ice beast.
The ice beast is heavily wounded.
The ice beast barely misses you.
You hit the ice beast but do no damage.
The ice beast is heavily wounded.
The ice beast hits you.
* * * LOW HITPOINT WARNING * * *
The ice beast freezes you.
You die...

#.# #.## ##.# #####..####
###.## #.........# ...## #.#
#.##.# +# #.#### #.# #.##.#
... .#...# #.# ##.##.# ....
##...## #.# #..#..# .....
.#...†#####.###.#...####......
................@Y.....'......
#.....#####.........####......
##...## #####.##.## .....
#..## #.#### .... #.## #.# ...
#.# #.# +# #.# #.# #.# #.# #.#


You could see an ice beast.

Vanquished Creatures
  A water moccasin skeleton (D:4)
  A bullfrog skeleton (D:4)
  3 orc wizards (D:4)
  2 orc priests
  Crazy Yiuf (D:4)
  3 hounds
  2 worker ants (D:4)
  5 adders
  A white imp (D:5)
  An adder skeleton (D:4)
  2 leopard geckos
  9 orcs
  8 bats
  3 bat skeletons (D:3)
  2 bat zombies (D:3)
  3 giant cockroaches
  10 goblins
  10 hobgoblins
  A quokka (D:3)
  A ball python (D:1)
  5 frilled lizards
  A kobold (D:3)
  2 rats
77 creatures vanquished.

Notes
Turn   | Place    | Note
-------+----------+-------------------------------------------
     0 | D:1      | pascalblue the Deep Elf Venom Mage began the quest for the
                  | Orb.
     0 | D:1      | Reached XP level 1. HP: 10/10 MP: 6/6
   190 | D:1      | Reached XP level 2. HP: 15/15 MP: 6/8
   444 | D:1      | You fall into a shaft and drop 1 floor!
   571 | D:2      | Reached skill level 4 in Poison Magic
   642 | D:2      | Reached XP level 3. HP: 19/19 MP: 8/10
   645 | D:2      | Learned a level 2 spell: Poisonous Vapours
   649 | D:2      | Learned a level 3 spell: Ignite Poison
   653 | D:2      | Learned a level 3 spell: Mephitic Cloud
   926 | D:2      | Found a blossoming altar of Fedhas.
  1075 | D:2      | Found a hide-covered altar of Uskayaw.
  1075 | D:2      | Found a burning altar of Makhleb.
  1097 | D:2      | Found a snail-covered altar of Cheibriados.
  1326 | D:2      | Found a faded altar of an unknown god.
  2219 | D:3      | Reached XP level 4. HP: 2/24 MP: 6/11
  2235 | D:3      | Reached skill level 1 in Air Magic
  2601 | D:3      | Found an ancient bone altar of Kikubaaqudgha.
  2903 | D:4      | Reached XP level 5. HP: 22/28 MP: 13/13
  2938 | D:3      | Reached skill level 5 in Poison Magic
  2942 | D:3      | HP: 1/28 [orc/+2 dagger of protection (3)]
  3303 | D:4      | Reached XP level 6. HP: 31/32 MP: 7/15
  3336 | D:4      | Learned a level 4 spell: Olgreb's Toxic Radiance
  3613 | D:4      | Reached skill level 5 in Spellcasting
  3702 | D:4      | Found a runed translucent door.
  3703 | D:4      | Noticed Crazy Yiuf
  3723 | D:4      | Killed Crazy Yiuf
  3956 | D:5      | Entered Level 5 of the Dungeon
  3966 | D:5      | Reached skill level 6 in Poison Magic
  4330 | D:5      | Noticed an ice beast
  4357 | D:5      | Slain by an ice beast

Illustrated notes

Levels and vault maps discovered:
D:1:      grunt_arrival_crossed_arrows, layout_basic
D:2:      layout_basic, grunt_temple_overflow_open, fedhas_altar_4,
          chequers_ecumenical_altar_simple_redux
D:3:      layout_basic, kennysheep_vampire_church
D:4:      layout_cave_pools, minmay_misc_feat_square, uniq_crazy_yiuf_cottage
D:5:      layout_loops_corners, nicolae_qazlal_general_emergency

Skill      XL: |  1  2  3  4  5  6 |
---------------+-------------------+-----
Poison Magic   | 4 5 6 |  6.1
Transmutations | 2 3 |  3.6
Spellcasting   | 4 5 |  5.2
Air Magic      | 1 2 |  2.7
Dodging        | |  2.4
Stealth        | |  2.4

Action                   |  1- 3 |  4- 6 || total
-------------------------+-------+-------++-------
Melee: Unarmed           |     2 |       ||     2
       Dagger            |    11 |    91 ||   102
 Cast: Sting             |    71 |    17 ||    88
       Poisonous Vapours |       |    15 ||    15
       Mephitic Cloud    |       |     1 ||     1
       Ignite Poison     |       |     1 ||     1
  Use: Scroll            |     6 |    10 ||    16
       Potion            |       |     2 ||     2
 Stab: Sleeping          |       |     2 ||     2
Armor: Robe              |    33 |    31 ||    64
Dodge: Dodged            |    74 |    68 ||   142
